 Dungeon Crawl Stone Soup version 0.24.0-1-gfbc8707 (webtiles) character file.

Game seed: 4541904928177248283, levelgen mode: deterministic

7441 Faca the Impaler (level 11, -3/97 HPs)
             Began as a Merfolk Gladiator on Nov 1, 2019.
             Was a High Priest of Okawaru.
             Slain by a guardian serpent (22 damage)
             ... on level 11 of the Dungeon.
             The game lasted 00:21:27 (11002 turns).

Faca the Impaler (Merfolk Gladiator)               Turns: 11002, Time: 00:21:28

Health: -3/97      AC:  9    Str: 19    XL:     11   Next: 15%
Magic:  11/11      EV: 12    Int:  7    God:    Okawaru [*****.]
Gold:   738        SH:  3    Dex: 15    Spells: 10/10 levels left

rFire    + . .     SeeInvis .   a - +1 trident
rCold    . . .     Gourm    .   J - +0 buckler
rNeg     . . .     Faith    .   D - +0 ring mail {MR+}
rPois    +         Spirit   .   c - +1 helmet
rElec    .         Reflect  .   k - +0 cloak
rCorr    .         Harm     .   (no gloves)
MR       +....                  b - +0 pair of boots
Stlth    +.........             (no amulet)
HPRegen  0.26/turn              v - ring of poison resistance
MPRegen  0.12/turn              n - ring of protection from fire

@: no status effects
A: change form in water, swift swim, stealthy swim
a: Heroism, Finesse, Renounce Religion


You were on level 11 of the Dungeon.
You worshipped Okawaru.
Okawaru was extremely pleased with you.
You were hungry.

You visited 1 branch of the dungeon, and saw 11 of its levels.

You collected 878 gold pieces.
You spent 140 gold pieces at shops.

Inventory:

Hand Weapons
 a - a +1 trident (weapon)
 I - a +3 spear of piercing
Missiles
 e - 27 boomerangs (quivered)
 l - a throwing net
 H - 5 javelins
Armour
 b - a +0 pair of boots (worn)
 c - a +1 helmet (worn)
 k - a +0 cloak (worn)
 A - the +3 pair of boots "Utauwkok" {rC+ Dex+3 Slay-5}
   (You found it on level 8 of the Dungeon)

   It affects your dexterity (+3).
   It affects your accuracy and damage with ranged weapons and melee attacks
   (-5).
   It protects you from cold.
 D - a +0 ring mail of magic resistance (worn)
 J - a +0 buckler (worn)
Jewellery
 n - a ring of protection from fire (right hand)
 t - an uncursed ring of ice
 v - a ring of poison resistance (left hand)
 z - an uncursed ring of see invisible
 K - a cursed amulet of inaccuracy
Wands
 p - a wand of polymorph (6)
 y - a wand of digging (1)
 F - a wand of iceblast (8)
Scrolls
 d - 4 scrolls of teleportation {unknown}
 g - a scroll of blinking
 s - 3 scrolls of enchant weapon
 w - 2 scrolls of fear
 B - a scroll of remove curse
 E - a scroll of magic mapping
 G - a scroll of summoning {unknown}
Potions
 h - a potion of invisibility
 i - 5 potions of agility
 j - 3 potions of curing
 o - a potion of magic
 q - 2 potions of ambrosia
 r - 4 potions of flight
 u - 5 potions of lignification
 x - 4 potions of haste
 C - a potion of resistance
Comestibles
 f - 29 rations


   Skills:
 + Level 12.8 Fighting
 + Level 16.2 Polearms
 - Level 2.0 Throwing
 - Level 4.0 Dodging


You had 10 spell levels left.
You didn't know any spells.
Your spell library contained the following spells:

 Spells                   Type           Power        Failure   Level  Hunger
 Shock                    Conj/Air       #...         80%         1    ##.....
 Swiftness                Chrm/Air       #.......     91%         2    ###....
 Static Discharge         Conj/Air       #.......     99%         3    ####...
 Airstrike                Air            #.........   100%        4    #####..
 Lightning Bolt           Conj/Air       #.........   100%        5    ######.


Dungeon Overview and Level Annotations

Branches:
Dungeon (11/15)            Temple (0/1) D:5
   Lair: D:8-11         Orc: D:9-12

Altars:
Cheibriados
Dithmenos
Hepliaklqana
Okawaru
Ru
Sif Muna
Trog
Xom
Zin
Beogh

Shops:
D:7 *


Message History

You hit the komodo dragon.
You kill the komodo dragon!
Okawaru is honoured by your kill.
The guardian serpent casts a spell.
The orc priest blinks!
The orc warrior blinks!
The hound closely misses you. The orc priest misses you.
The orc hits you but does no damage. The orc warrior closely misses you.
The hound completely misses you. The hound bites you but does no damage.
The orc hits you but does no damage. The orc warrior closely misses you.
You see here a komodo dragon corpse.
The orc hits you but does no damage. The guardian serpent hits you!!
The orc warrior barely misses you. The hound bites you.
The guardian serpent completely misses you.
The hound bites you but does no damage. The guardian serpent hits you!
* * * LOW HITPOINT WARNING * * *
There is a stone staircase leading up, spattered with blood here.
The hound bites you but does no damage. The orc warrior closely misses you.
The guardian serpent hits you!!
You die...

#.###.#
######.....##
............#
............##
.............#
...>.........#
..%..........##
..............#
.......@ho....##
#.......So.....#
#.......o..†)..#
#..............#
##..............#
#..............#
#..............#
##.............#
#...............


You could see a guardian serpent, an orc warrior, a hound, an orc priest and an
orc.

Vanquished Creatures
  A two-headed ogre (D:10)
  A centaur zombie (D:10)
  A komodo dragon (D:11)
  A queen bee (D:10)
  A hornet (D:9)
  A hippogriff (D:7)
  Sigmund (D:5)
  Edmund (D:6)
  Duvessa (D:6)
  2 orc warriors
  2 sky beasts (D:9)
  A phantom (D:8)
  An ice beast (D:9)
  A necrophage (D:10)
  3 black bears
  5 ogres
  3 centaurs
  2 big kobolds
  4 bullfrogs
  A gnoll sergeant (D:9)
  Dowan (D:6)
  A wyvern skeleton (D:6)
  5 scorpions
  20 killer bees
  An electric eel (D:10)
  5 howler monkeys
  2 crimson imps
  2 bullfrog zombies (D:5)
  A jelly (D:9)
  8 orc priests
  6 hounds
  14 orc wizards
  A gnoll shaman (D:3)
  8 iguanas
  6 worker ants
  A hound zombie (D:7)
  12 gnolls
  13 adders
  2 shadow imps
  An ooze (D:1)
  An adder zombie (D:5)
  3 adder skeletons
  A worm (D:2)
  2 dart slugs
  A leopard gecko (D:1)
  55 orcs
  A ball python (D:1)
  7 bats
  7 giant cockroaches
  8 goblins
  10 hobgoblins
  10 jackals
  3 quokkas
  4 frilled lizards
  18 kobolds
  A quokka skeleton (D:9)
  8 rats
284 creatures vanquished.

Notes
Turn   | Place    | Note
-------+----------+-------------------------------------------
     0 | D:1      | Faca the Merfolk Gladiator began the quest for the Orb.
     0 | D:1      | Reached XP level 1. HP: 16/16 MP: 1/1
   302 | D:1      | Reached XP level 2. HP: 21/23 MP: 2/2
   496 | D:1      | Reached skill level 5 in Polearms
   641 | D:1      | Reached XP level 3. HP: 21/29 MP: 3/3
   946 | D:2      | Found a faded altar of an unknown god.
  1493 | D:3      | Reached XP level 4. HP: 36/36 MP: 4/4
  1562 | D:3      | Reached skill level 6 in Polearms
  1613 | D:3      | Reached XP level 5. HP: 23/42 MP: 5/5
  2175 | D:3      | Found a snail-covered altar of Cheibriados.
  2229 | D:3      | Reached skill level 7 in Polearms
  2723 | D:4      | Reached XP level 6. HP: 50/50 MP: 6/6
  2738 | D:4      | Reached skill level 5 in Fighting
  3202 | D:4      | Reached skill level 8 in Polearms
  3396 | D:3      | Reached XP level 7. HP: 36/57 MP: 7/7
  3934 | D:4      | Reached skill level 9 in Polearms
  4139 | D:5      | Entered Level 5 of the Dungeon
  4238 | D:5      | Found a hazy altar of Hepliaklqana.
  4245 | D:5      | Reached XP level 8. HP: 67/67 MP: 8/8
  4303 | D:5      | Found an iron altar of Okawaru.
  4315 | D:5      | Became a worshipper of Warmaster Okawaru
  4484 | D:5      | Noticed Sigmund
  4497 | D:5      | Killed Sigmund
  4497 | D:5      | Reached skill level 10 in Polearms
  4554 | D:5      | Found a staircase to the Ecumenical Temple.
  5167 | D:6      | Reached skill level 11 in Polearms
  5322 | D:6      | Noticed Dowan
  5325 | D:6      | Noticed Duvessa
  5353 | D:6      | Noticed Edmund
  5354 | D:6      | Killed Duvessa
  5354 | D:6      | Reached * piety under Okawaru
  5359 | D:6      | Killed Dowan
  5461 | D:6      | Killed Edmund
  5564 | D:6      | Reached XP level 9. HP: 32/75 MP: 9/9
  5912 | D:6      | Reached skill level 12 in Polearms
  6396 | D:6      | Found a shimmering blue altar of Sif Muna.
  6417 | D:6      | Identified Sif Muna's Collected Works on Arcane Weapons
  6545 | D:7      | Reached ** piety under Okawaru
  6741 | D:7      | Found Rirruwen's Assorted Antiques.
  6809 | D:7      | Bought a large cabochon ring for 140 gold pieces
  6843 | D:7      | Found a bloodstained altar of Trog.
  7021 | D:7      | Reached skill level 10 in Fighting
  7021 | D:7      | Reached skill level 13 in Polearms
  7422 | D:7      | Got a thick robe
  7433 | D:7      | Identified the +1 robe of the Onion {+Fly rF+ MP+9 Str+3}
                  | (You found it on level 7 of the Dungeon)
  7827 | D:8      | Got a pair of brightly glowing boots
  7838 | D:8      | Identified the +3 pair of boots "Utauwkok" {rC+ Dex+3
                  | Slay-5} (You found it on level 8 of the Dungeon)
  7951 | D:8      | Reached *** piety under Okawaru
  7995 | D:8      | Reached XP level 10. HP: 80/86 MP: 10/10
  8013 | D:8      | Reached skill level 14 in Polearms
  8397 | D:8      | Found a sacrificial altar of Ru.
  8450 | D:8      | Found a glowing silver altar of Zin.
  9105 | D:9      | Found a shimmering altar of Xom.
  9183 | D:9      | Reached **** piety under Okawaru
  9493 | D:9      | Found a roughly hewn altar of Beogh.
  9501 | D:9      | Found a shadowy altar of Dithmenos.
  9695 | D:9      | Reached skill level 15 in Polearms
  9775 | D:10     | Entered Level 10 of the Dungeon
 10229 | D:10     | Received a gift from Okawaru
 10260 | D:10     | Noticed a two-headed ogre
 10268 | D:10     | Killed a two-headed ogre
 10268 | D:10     | Reached ***** piety under Okawaru
 10268 | D:10     | Reached skill level 16 in Polearms
 10268 | D:10     | Reached XP level 11. HP: 81/96 MP: 11/11
 11002 | D:11     | Slain by a guardian serpent

Levels and vault maps discovered:
D:1:      elethiomel_arrival_maze, layout_loops_ring, minmay_pentomino_w4
D:2:      layout_rooms, chequers_ecumenical_altar_simple_redux, first_ration
D:3:      layout_loops_cross, grunt_ministairs_10, kennysheep_slug_shrine
D:4:      layout_rooms
D:5:      layout_loops_ring, lemuel_coloured_pillars_altar, lemuel_round_altar,
          minmay_temple_entry_waves, uniq_sigmund
D:6:      layout_loops_ring, led_sif_book, nrook_mini_vaults, uniq_edmund,
          uniq_duvessa
D:7:      layout_loops_ring, serial_shops, nicolae_shop_overgrown_old_shop,
          grunt_ogre_cave, bloody_trog
D:8:      layout_loops_ring, lemuel_doored_altar, basic_altar
D:9:      layout_cave_pools, grunt_dithmenos_smoke_and_mirrors, special_room
          [special_room_orc], basic_altar, onia_ninara_dug_in_and_dangerous
D:10:     layout_basic, special_room [special_room_bee]
D:11:     nrook_guardian_serpent_snake_passage, layout_cave_pods,
          due_lair_maze_entry_diamond, serial_shops, nicolae_shop_stone,
          minmay_alternating_orb

Skill      XL: |  1  2  3  4  5  6  7  8  9 10 |
---------------+-------------------------------+-----
Polearms       | 5 6 7 8 9 11 13 16 | 16.2
Fighting       | 3 4 5 7 8 10 12 | 12.8
Throwing       | |  2.0
Dodging        | |  4.0

Action                   |  1- 3 |  4- 6 |  7- 9 | 10-12 || total
-------------------------+-------+-------+-------+-------++-------
Melee: Trident           |   115 |   228 |   469 |   309 ||  1121
       Spear             |       |       |       |   108 ||   108
       Tailslap          |       |       |       |     3 ||     3
Throw: Boomerang         |       |     3 |     7 |       ||    10
Evoke: Wand              |       |       |       |     1 ||     1
  Use: Scroll            |    11 |     2 |     6 |     4 ||    23
       Potion            |       |       |     1 |     1 ||     2
 Stab: Sleeping          |     2 |       |     1 |       ||     3
  Eat: Chunk             |     2 |     6 |    15 |     9 ||    32
Armor: Leather armour    |     2 |       |       |       ||     2
       Ring mail         |    18 |    73 |    88 |    76 ||   255
       Robe              |       |       |     4 |     4 ||     8
Dodge: Dodged            |    67 |   126 |   176 |   168 ||   537
Block: Buckler           |       |       |       |    11 ||    11
